 Dungeon Crawl Stone Soup version 0.24-a0-176-gc3651c4 (webtiles) character file.

Game seed: 12758333607793432933

266 Dfrag the Firebug (level 6, 34/41 HPs)
             Began as a Demonspawn Fire Elementalist on Mar 13, 2019.
             Quit the game on level 3 of the Dungeon.
             The game lasted 00:05:03 (2741 turns).

Dfrag the Firebug (Demonspawn Fire Elementalist)    Turns: 2741, Time: 00:05:04

Health: 34/41      AC:  2    Str:  8    XL:     6   Next: 0%
Magic:  9/11       EV: 12    Int: 19    God:
Gold:   226        SH:  0    Dex: 13    Spells: 4/12 levels left

rFire    + . .     SeeInvis .   t - +0 glaive
rCold    x . .     Gourm    .   (shield currently unavailable)
rNeg     . . .     Faith    .   a - +0 robe
rPois    .         Spirit   .   (no helmet)
rElec    .         Reflect  .   (no cloak)
rCorr    .         Harm     .   (no gloves)
MR       .....                  (no boots)
Stlth    ++........             (no amulet)
HPRegen  0.13/turn              n - ring of fire
MPRegen  0.12/turn              (no ring)

@: no status effects
A: talons 1, powered by pain 1, rot immunity, sturdy frame 1
a: no special abilities


You were on level 3 of the Dungeon.
You were not hungry.

You visited 1 branch of the dungeon, and saw 3 of its levels.
You also visited: Sewer.

You collected 226 gold pieces.

Inventory:

Hand Weapons
 t - a +0 glaive (weapon)
Armour
 a - a +0 robe (worn)
Jewellery
 n - a ring of fire (left hand)
Wands
 q - a wand of random effects (24)
Scrolls
 b - a scroll of random uselessness {unknown}
 e - a scroll of fog {unknown}
 f - 3 scrolls of teleportation
 h - a scroll of immolation {unknown}
 i - 2 scrolls of enchant armour {unknown}
 k - a scroll of noise {unknown}
 l - 2 scrolls of remove curse {unknown}
 p - a scroll of identify {unknown}
Potions
 d - 2 potions of lignification {unknown}
 g - 5 potions of flight
 j - 3 potions of agility {unknown}
 m - a potion of heal wounds {unknown}
 o - 2 potions of curing {unknown}
 s - 2 potions of mutation {unknown}
 u - 2 potions of might {unknown}
Comestibles
 c - 5 rations
 r - 2 chunks of flesh


   Skills:
 - Level 1.7 Dodging
 - Level 1.7 Stealth
 + Level 3.6 Spellcasting
 + Level 3.5 Conjurations
 + Level 4.2 Fire Magic


You had 4 spell levels left.
You knew the following spells:

 Your Spells              Type           Power        Failure   Level  Hunger
a - Flame Tongue          Conj/Fire      ####.        3%          1    None
b - Conjure Flame         Conj/Fire      ####....     9%          3    ###....
c - Sticky Flame          Conj/Fire      ####....     28%         4    ####...

Your spell library contained the following spells:

 Spells                   Type           Power        Failure   Level  Hunger
 Throw Flame              Conj/Fire      ####..       4%          2    ##.....
 Inner Flame              Hex/Fire       ###.....     19%         3    ###....
 Fireball                 Conj/Fire      ####......   63%         5    ######.


Dungeon Overview and Level Annotations

Branches:
Dungeon (3/15)

Altars:
Cheibriados
Wu Jian


Innate Abilities, Weirdness & Mutations

You have sharp toenails.
You sometimes gain a little power by taking damage.
You are immune to rotting.
Your movements are slightly less encumbered by armour. (ER -2)


Message History

The quokka closely misses you. The quokka completely misses you.
You barely miss the quokka. The quokka closely misses you.
The quokka bites you.
You barely miss the quokka. The quokka misses you.
The quokka barely misses you.
You closely miss the quokka. The quokka closely misses you.
The quokka bites you.
Casting: Flame Tongue (safe; 3% risk of failure)
Confirm with . or Enter, or press ? or * to list all spells.
Aiming: Flame Tongue (safe; 3% risk of failure)
Press: ? - help, Shift-Dir - straight line, f - quokka
Aim: a quokka You feel a surge of power!
The flame tongue hits the quokka!
You kill the quokka!
You have reached level 6!
Your experience leads to an increase in your attributes!
Increase (S)trength, (I)ntelligence, or (D)exterity?
You feel clever.
Your demonic ancestry asserts itself...
You feel energised by your suffering.
Are you sure you want to abandon this character and quit the game? (Confirm with "yes".)

#..... #..... #.....
#..... #..... #.
#.....
#.############.
##....
#>.............##
#.### #@# ..# #.# #
#.########.###.# #
####...........##.# #
#............#.##.# #
#.##............#.###
#.............#.#....
#.............#..####
#...###.####........#
.....
...#.....##..#.#


There were no monsters in sight!

Vanquished Creatures
  An orc wizard (D:2)
  A merfolk siren (Sewer)
  A merfolk avatar (Sewer)
  9 adders
  2 river rats (Sewer)
  2 worms (D:2)
  2 dart slugs (D:2)
  4 leopard geckos
  5 ball pythons (Sewer)
  9 bats
  6 giant cockroaches
  6 goblins
  2 hobgoblins (D:1)
  A jackal (D:2)
  3 quokkas
  5 frilled lizards
  5 kobolds
  27 rats
91 creatures vanquished.

Notes
Turn   | Place    | Note
-------+----------+-------------------------------------------
     0 | D:1      | Dfrag the Demonspawn Fire Elementalist began the quest for
                  | the Orb.
     0 | D:1      | Reached XP level 1. HP: 13/13 MP: 3/3
   231 | D:1      | Gained mutation: Your movements are slightly less
                  | encumbered by armour. (ER -2) [demonic ancestry]
   231 | D:1      | Reached XP level 2. HP: 18/19 MP: 3/5
   442 | D:1      | Reached skill level 3 in Fire Magic
   756 | D:2      | Found an ornate altar of the Wu Jian Council.
   804 | D:2      | Gained mutation: You have sharp toenails. [demonic
                  | ancestry]
   804 | D:2      | Reached XP level 3. HP: 7/24 MP: 0/6
   943 | D:2      | Found a snail-covered altar of Cheibriados.
  1448 | D:2      | Gained mutation: You are immune to rotting. [demonic
                  | ancestry]
  1448 | D:2      | Reached XP level 4. HP: 24/30 MP: 4/8
  1940 | D:3      | Found a glowing drain.
  1957 | D:3      | Reached XP level 5. HP: 33/35 MP: 5/9
  2033 | D:3      | Learned a level 3 spell: Conjure Flame
  2038 | D:3      | Learned a level 4 spell: Sticky Flame
  2141 | Sewer    | Entered a sewer
  2372 | Sewer    | Reached skill level 4 in Fire Magic
  2740 | D:3      | Gained mutation: You sometimes gain a little power by
                  | taking damage. [demonic ancestry]
  2740 | D:3      | Reached XP level 6. HP: 34/41 MP: 9/11
  2741 | D:3      | Quit the game

Levels and vault maps discovered:
D:1:      lemuel_arrival_rhombus, layout_loops_ring, serial_bayou_ford_a,
          minmay_door_square, minmay_misc_feat_five
D:2:      kb_forest_paths, layout_basic, cheibriados_altar_1,
          overflow_temple_1_default
D:3:      layout_basic, gup_sewer_entry_glass, uniq_robin
Sewer:    sewer_sea

Skill      XL: |  1  2  3  4  5 |
---------------+----------------+-----
Fire Magic     | 3 4 |  4.2
Conjurations   | 2 3 |  3.5
Spellcasting   | 3 |  3.6
Dodging        | |  1.7
Stealth        | |  1.7

Action                   |  1- 3 |  4- 6 || total
-------------------------+-------+-------++-------
Melee: Unarmed           |    24 |    20 ||    44
       Kick              |       |     4 ||     4
       Glaive            |       |     5 ||     5
 Cast: Flame Tongue      |    67 |    86 ||   153
  Eat: Chunk             |     1 |     5 ||     6
Armor: Robe              |    21 |    15 ||    36
Dodge: Dodged            |    54 |    49 ||   103

Table legend:
 A = Non-vault XP
 B = Vault XP
 C = Vault XP percentage of total XP
 D = Non-vault monster count
 E = Vault monster count
 F = Vault count percentage of total count
                 A         B        C        D         E       F
            +---------+---------+-------+---------+---------+-------
      Total |     114 |     267 |  70.1 |      41 |      50 |  54.9
            +---------+---------+-------+---------+---------+-------
        D:1 |      30 |       0 |   0.0 |      18 |       0 |   0.0
        D:2 |      79 |      74 |  48.4 |      20 |       6 |  23.1
        D:3 |       5 |      31 |  86.1 |       3 |       4 |  57.1
      Sewer |       0 |     162 | 100.0 |       0 |      40 | 100.0
            +---------+---------+-------+---------+---------+-------
